 Dungeon Crawl Stone Soup version 0.29-a0-1018-g6b6670bd90 (webtiles) character file.

Game seed: 2255145040106987350

9 BritishOli the Trooper (level 2, 24/24 HPs)
             Began as a Demonspawn Fighter on Aug 9, 2022.
             Got out of the dungeon alive.
             The game lasted 00:01:26 (351 turns).

BritishOli the Trooper (Demonspawn Fighter)          Turns: 351, Time: 00:01:27

Health: 24/24      AC:  6    Str: 16    XL:     2   Next: 3%
Magic:  2/2        EV:  8    Int:  9    God:
Gold:   9          SH:  4    Dex: 12    Spells: 1/1 levels left

rFire   . . .      SeeInvis .   a - +0 long sword
rCold   . . .      Faith    .   c - +0 buckler
rNeg    . . .      Spirit   .   b - +0 scale mail
rPois   .          Reflect  .   (no helmet)
rElec   .          Harm     .   (no cloak)
rCorr   .          Rampage  .   (no gloves)
Will    .....                   (no boots)
Stlth   ..........              (no amulet)
HPRegen 0.08/turn               (no ring)
MPRegen 0.16/turn               (no ring)

@: no status effects
A: magic regeneration
a: no special abilities


You escaped.
You visited 1 branch of the dungeon, and saw 1 of its levels.

You collected 9 gold pieces.

Inventory:

Hand Weapons
 a - a +0 long sword (weapon)
Armour
 b - a +0 scale mail (worn)
 c - a +0 buckler (worn)
Potions
 d - a potion of might


   Skills:
 + Level 3.1 Fighting
 + Level 2.0 Long Blades
 + Level 2.8 Armour
 + Level 2.8 Shields


You had one spell level left.
You didn't know any spells.
Your spell library was empty.

Dungeon Overview and Level Annotations

Branches:
Dungeon (1/15)

Altars:


Innate Abilities, Weirdness & Mutations

You regenerate magic rapidly.


Message History

You hit the kobold.
You kill the kobold!
Your Long Blades skill increases to level 2!
No target in view!
No target in view!
No target in view!
Unknown command.
Welcome back, BritishOli the Demonspawn Fighter.
Press ? for a list of commands and other information.
HP restored.
You see here a +0 short sword.
Found 7 stones.
You see here a staff of death.
No target in view!
You now have 9 gold pieces (gained 5).
An endoplasm comes into view.
The endoplasm quivers.
An endoplasm is nearby!
Found a stone staircase leading down.
An endoplasm is nearby!
The endoplasm freezes you.
You are frozen.
An endoplasm is nearby!
You hit the endoplasm but do no damage. The endoplasm freezes you.
You are frozen.
The endoplasm hits you but does no damage.
You hit the endoplasm.
You kill the endoplasm!
You have reached level 2!
Your demonic ancestry asserts itself...
Your magic begins to regenerate rapidly.
(D) Dungeon
Where to? (? - help)
Okay, then.
You see here a staff of death.
You see here a jackal skeleton.
There is a staircase leading out of the dungeon here.
Are you sure you want to leave the Dungeon?
This will make you lose the game!
You have escaped!

#.# #.# ..# ..# ..# ..#
.†##################
..#..(.#..#.....@..#
..#..........#.....#
....#..#..#..#.....#..#.
..........÷.............
..#.#..#..#..#..#..#....
.##.#..#.....#..#.....#.
..#####################
########## ..........


There were no monsters in sight!

Vanquished Creatures
  An endoplasm (D:1)
  A hobgoblin (D:1)
  3 jackals (D:1)
  2 kobolds (D:1)
7 creatures vanquished.

Notes
Turn   | Place    | Note
-------+----------+-------------------------------------------
     0 | D:1      | BritishOli the Demonspawn Fighter began the quest for the
                  | Orb.
     0 | D:1      | Reached XP level 1. HP: 18/18 MP: 1/1
   218 | D:1      | Upgraded the game from 0.29-a0-1014-ga8c0faee3b to
                  | 0.29-a0-1018-g6b6670bd90
   297 | D:1      | Gained mutation: You regenerate magic rapidly. [demonic
                  | ancestry]
   297 | D:1      | Reached XP level 2. HP: 20/24 MP: 2/2
   351 | D:$      | Got out of the dungeon alive.

Illustrated notes

Levels and vault maps discovered:
D:1:      dpeg_arrival_ternary, layout_basic, chequers_ecumenical_altar_lobes,
          minmay_tripent

Skill      XL: |  1 |
---------------+----+-----
Long Blades    | 2 |  2.0
Fighting       | |  3.1
Armour         | |  2.8
Shields        | |  2.8

Action                   || total
-------------------------++-------
Melee: Long sword        ||    21
Armor: Scale mail        ||    15
Dodge: Dodged            ||    14
Block: Buckler           ||     9

Table legend: (Time is in decaauts)
 A = Elapsed time spent in this place.
 B = Non-inter-level travel time spent in this place.
 C = Inter-level travel time spent in this place.
 D = Time resting spent in this place.
 E = Time spent auto-exploring this place.
 F = Levels seen in this place.
 G = Mean time per level.
                   A        B        C        D        E       F      G
               +--------+--------+--------+--------+--------+-----+--------+
         Total |    358 |    305 |     53 |    141 |    112 |   1 |  358.0 |
       Dungeon |    358 |    305 |     53 |    141 |    112 |   1 |  358.0 |
               +--------+--------+--------+--------+--------+-----+--------+

Top non-repeatable levels by time:
     D:1: 358 daAuts
